 Dungeon Crawl Stone Soup version 0.30.0-7-g0c4daa9e05 (webtiles) character file.

Game seed: 1003044077043738303

4456 Kenran the Carver (level 10, -1/72 (78) HPs)
             Began as an Armataur Monk on May 13, 2023.
             Was a Priest of Hepliaklqana.
             Slain by a wight
             ... wielding a +2 long sword
              (7 damage)
             ... on level 8 of the Dungeon.
             The game lasted 00:13:18 (7005 turns).

Kenran the Carver (Armataur Monk)                   Turns: 7005, Time: 00:13:18

HP:   -1/72 (78)    AC:  8    Str: 18    XL:     10   Next: 15%
MP:   13/13         EV:  8    Int: 11    God:    Hepliaklqana [***...]
Gold: 188           SH:  5    Dex: 15    Spells: 9/9 levels left

rFire   . . .        H - +5 falchion (freeze)
rCold   + . .        d - orb {light}
rNeg    . . .        i - +0 scale mail
rPois   .            r - +0 helmet
rElec   .            (no cloak)
rCorr   .            (no gloves)
SInv    .            (no barding)
Will    .....        t - amulet of reflection Stlth
                     Y - +4 ring of slaying
HPRegen 0.32/turn    C - ring of protection from cold
MPRegen 0.13/turn

%: reflection, roll
@: slowed, glowing, drained, very slow
A: reduced essence, large, rugged brown scales 3, deformed body, armoured tail,
roll, long tongue, awkward tongue
a: Renounce Religion, Recall Ancestor, Ancestor Identity, Transference


You were on level 8 of the Dungeon.
You worshipped Hepliaklqana.
Hepliaklqana was most pleased with you.
You visited 2 branches of the dungeon, and saw 9 of its levels.

You collected 409 gold pieces.
You spent 221 gold pieces at shops.


Innate Abilities, Weirdness & Mutations

Your life essence is reduced to manifest your ancestor. (-10% HP)
You are completely covered in rugged brown scales. (AC +3, +7% HP)
Armour fits poorly on your strangely shaped body.
You have a long armoured tail.
You roll when moving toward enemies. (Rampage)
Your long tongue fully drains potion bottles. (2x potion effects)
Your tongue gives you trouble enunciating. (1.5x scroll delay)


   Skills:
 + Level 5.5 Fighting
 - Level 12.0 Long Blades
 - Level 4.0 Armour
 - Level 2.1 Dodging
 - Level 4.0 Invocations


You had 9 spell levels left.
You didn't know any spells.
Your spell library contained the following spells:

 Spells                   Type           Power      Damage    Failure   Level
 Sublimation of Blood     Necr           0%         N/A       85%         2
 Wereblood                Tmut           0%         N/A       85%         2
 Summon Hydra             Summ           0%         N/A       100%        7

Inventory:

Hand Weapons
 b - a +2 dagger of electrocution
   (You took it off a goblin on level 1 of the Dungeon)
 H - a +5 falchion of freezing (weapon)
   (You took it off a wight on level 7 of the Dungeon)
Armour
 d - an orb of light (worn)
 i - a +0 scale mail (worn)
   (You found it on level 1 of the Dungeon)
 r - a +0 helmet (worn)
   (You found it on level 3 of the Dungeon)
Jewellery
 t - an amulet of reflection (around neck)
   (You found it on level 3 of the Dungeon)
 v - a ring of see invisible
   (You found it on level 4 of the Dungeon)
 C - a ring of protection from cold (right hand)
   (You found it on level 4 of the Dungeon)
 F - a ring of fire
   (You found it on level 2 of the Dungeon)
 Y - a +4 ring of slaying (left hand)
   (You took it off a centaur on level 4 of the Dungeon)
Wands
 w - a wand of roots (30)
   (You found it on level 4 of the Dungeon)
 D - a wand of flame (22)
   (You took it off Edmund on level 5 of the Dungeon)
Scrolls
 e - a scroll of vulnerability {!r!r}
 j - 2 scrolls of poison {!r}
 k - 2 scrolls of teleportation {@r4}
 m - 3 scrolls of magic mapping {!r}
 o - 2 scrolls of silence {unknown}
 p - 2 scrolls of fear
 q - 2 scrolls of immolation {!r!r}
 u - 3 scrolls of noise {unknown}
 x - 2 scrolls of amnesia
 y - 2 scrolls of fog
 E - a scroll of enchant armour {unknown}
Potions
 c - a potion of ambrosia
 f - 3 potions of curing {@q1}
 g - 3 potions of degeneration {unknown}
 h - 3 potions of lignification {unknown}
 l - a potion of flight {unknown}
 n - 2 potions of magic {unknown}
 s - 3 potions of heal wounds {@q2}
 z - 2 potions of invisibility {unknown}
 A - a potion of might
 B - a potion of cancellation {unknown}
 G - a potion of attraction {unknown}
 I - 2 potions of resistance {unknown}
 J - a potion of brilliance {unknown}

Dungeon Overview and Level Annotations

Branches:
Dungeon (8/15) Zot: 26960  Temple (1/1) D:4 Zot: 5963
   Lair: D:8-11

Altars:
Ashenzari
Cheibriados
Dithmenos
Elyvilon
Fedhas
Gozag
Hepliaklqana
Kikubaaqudgha
Makhleb
Nemelex Xobeh
Okawaru
Ru
Sif Muna
Trog
Vehumet
Wu Jian
Xom
Yredelemnul
Zin
The Shining One

Shops:
D:1 [   D:4 !   D:6 *

Annotations:
Temple 2 transporters

........†........
##.............
#........##### #
#.[.......... #.
#........##..
####.###...)....# ..
.............)### .
.....zz........#
....z.z@........#
......y..........#
..................#
.....[.............#
...................#
................:.
.................
................


You could see a hornet and 4 wights.


Message History

You feel drained.
Things that are here:
a +0 dire flail; a +0 robe; 9 gold pieces 😮 HP[-2]
You now have 76 max hp (-2).
You barely miss the hornet.
Your tail-slap misses the hornet.
The hornet stings you!
You are poisoned.
You feel yourself slow down. 😮 HP[-10]
You take 10 damage, and now have 47/76 hp.
You slash the hornet! You freeze the hornet.
You feel very sick. The hornet stings you.
You feel as though you will be slow longer.
The wight closely misses you.
Thabo points at the hornet and mumbles some strange words.
The stone arrow hits the hornet. 😮 HP[-5]
You take 5 damage, and now have 42/76 hp.
Unknown command.
You slash the hornet! You freeze the hornet.
You feel sick. The hornet stings you.
You feel as though you will be slow longer.
The wight hits you from afar with a +0 trident!
* * * LOW HITPOINT WARNING * * *
Thabo gestures at the hornet while chanting.
The puff of frost hits the hornet.
The hornet stings Thabo! 😨 HP[-15]
You take 15 damage, and now have 27/76 hp.
Unknown command.
You barely miss the hornet.
You feel sick. The hornet closely misses you.
The wight hits Thabo with a +3 dagger.
The wight barely misses you.
Thabo hits the wight with a +0 quarterstaff.
The hornet completely misses you. 😨 HP[-1]
You take 1 damage, and now have 26/76 hp.
Unknown command.
You hit the hornet but do no damage.
Your tail-slap misses the hornet.
You feel sick. You block the wight's attack.
The wight hits Thabo with a +2 long sword!
The wight hits Thabo with a +3 dagger.
Thabo casts a spell at the wight.
The stone arrow hits the wight!
The hornet stings you.
* * * LOW HITPOINT WARNING * * *
You suddenly lose the ability to move!
The wight hits Thabo with a +3 dagger.
Thabo is destroyed!
The wight hits you from afar with a +0 trident.
* * * LOW HITPOINT WARNING * * *
You feel drained.
* * * LOW HITPOINT WARNING * * *
A wight comes into view. It is wielding a +4 short sword.
You can move again. 😱 HP[-13]
You now have 74 max hp (-2).
You take 13 damage, and now have 13/74 hp.
You hit the hornet. You freeze the hornet.
You tail-slap the hornet, but do no damage.
You feel sick. The hornet stings you.
* * * LOW HITPOINT WARNING * * *
You are lethally poisoned!
You feel as though you will be slow longer.
The hornet stings you but does no damage.
The wight hits you from afar with a +0 trident.
* * * LOW HITPOINT WARNING * * *
The wight barely misses you. 😱 HP[-12]
You take 12 damage, and now have 1/74 hp.
Unknown command.
Unknown command.
Unknown command.
Unknown command.
Okay, then.
You feel better.
You slurp down every last drop of the potion of curing {@q1}!
The hornet stings you but does no damage.
The hornet stings you.
* * * LOW HITPOINT WARNING * * *
You feel as though you will be slow longer.
The wight hits you with a +2 long sword!
* * * LOW HITPOINT WARNING * * *
The wight hits you from afar with a +0 trident.
* * * LOW HITPOINT WARNING * * *
😱 HP[+4]
You regained 4 hp, and now have 5/74 hp.
Unknown command.
You feel better.
You slurp down every last drop of the potion of curing {@q1}!
You block the hornet's attack. You block the wight's attack.
The wight hits you from afar with a +0 trident.
* * * LOW HITPOINT WARNING * * *
The wight hits you with a +2 long sword.
* * * LOW HITPOINT WARNING * * *
You feel drained. The hornet stings you.
* * * LOW HITPOINT WARNING * * *
You feel as though you will be slow longer.
The wight closely misses you.
The wight hits you with a +2 long sword!
You die...

Skill      XL: |  1  2  3  4  5  6  7  8  9 |
---------------+----------------------------+-----
Long Blades    | 3 4 5 6 7 9 10 12 | 12.0
Fighting       | 4 5 |  5.5
Armour         | 4 |  4.0
Invocations    | 4 |  4.0
Dodging        | |  2.1

Action                     |  1- 3 |  4- 6 |  7- 9 | 10-12 || total
---------------------------+-------+-------+-------+-------++-------
  Melee: Falchion          |   109 |   121 |   148 |    10 ||   388
         Tailslap          |     9 |    27 |    33 |     1 ||    70
  Throw: Throwing net      |       |     1 |       |       ||     1
 Invoke: Ancestor Life: Ba |       |     1 |       |       ||     1
  Evoke: Wand              |       |       |     1 |       ||     1
    Use: Scroll            |     1 |     4 |     3 |       ||     8
         Potion            |       |     1 |       |     2 ||     3
   Stab: Held in net/web   |       |     1 |       |       ||     1
         Distracted        |       |       |     6 |       ||     6
 Armour: Robe              |    13 |       |       |       ||    13
         Scale mail        |    23 |    46 |    34 |     3 ||   106
  Dodge: Dodged            |    57 |    46 |    40 |     7 ||   150
  Block: Orb               |       |    20 |    23 |     3 ||    46
         Reflection        |       |       |     3 |       ||     3

Levels and vault maps discovered:
D:1:      matt_arrival_spirals, layout_basic, serial_shops,
          nicolae_shop_rolling_square, minmay_octomino_j4
D:2:      layout_loops_cross, minmay_misc_feat_iff
D:3:      layout_basic, mainiacjoe_overflow_catch_the_wave
D:4:      layout_cave_pods, minmay_temple_entry_statues_fountains, serial_shops,
          nicolae_shop_waterfront, roderic_batcave, nicolae_eternal_life,
          dk_noncrumbling_4, due_unseen_surprise
D:5:      nicolae_BIG_FREAKIN_CUBE, layout_basic, st_stairs_7,
          sigmund_edmund_badplayer
D:6:      wander_river, layout_basic, serial_shops, shop, uniq_duvessa
D:7:      layout_basic
D:8:      layout_basic, nicolae_qazlal_scattered_showers
Temple:   hellmonk_temple_divided_pantheon

Notes
Turn   | Place    | Note
-------+----------+-------------------------------------------
     0 | D:1      | Kenran the Armataur Monk began the quest for the Orb.
     0 | D:1      | Reached XP level 1. HP: 19/19 MP: 1/1
     0 | D:1      | magus.rc [v1.11.6]
    67 | D:1      | Reached skill level 3 in Long Blades
   105 | D:1      | Reached XP level 2. HP: 26/26 MP: 2/2
   473 | D:1      | Reached XP level 3. HP: 29/32 MP: 3/3
   493 | D:1      | Found Igiph's Antique Armour Boutique.
  1307 | D:2      | Reached skill level 4 in Long Blades
  1577 | D:3      | Found a shimmering altar of Xom.
  1613 | D:3      | Found a snail-covered altar of Cheibriados.
  1683 | D:3      | Reached XP level 4. HP: 39/39 MP: 4/4
  1777 | D:3      | Reached skill level 5 in Long Blades
  2447 | D:4      | Noticed an ice beast
  2465 | D:4      | Killed an ice beast
  2466 | D:4      | Reached XP level 5. HP: 13/44 MP: 5/5
  2778 | D:4      | HP: 10/44 [gnoll/+0 halberd (12)]
  2781 | D:3      | HP: 1/44 [gnoll/+0 flail (10)]
  2787 | D:3      | Reached skill level 6 in Long Blades
  3060 | D:4      | Reached XP level 6. HP: 53/53 MP: 6/6
  3254 | D:4      | Found a staircase to the Ecumenical Temple.
  3263 | Temple   | Entered the Ecumenical Temple
  3263 | Temple   | Found a transporter.
  3263 | Temple   | Found a transporter.
  3265 | Temple   | Found a transporter.
  3265 | Temple   | Found a transporter.
  3283 | Temple   | Became a worshipper of Hepliaklqana the Forgotten
  3283 | Temple   | Reached * piety under Hepliaklqana
  3283 | Temple   | Reached ** piety under Hepliaklqana
  3323 | D:4      | Remembered your ancestor Thabo as a battlemage
  3405 | D:4      | Reached skill level 7 in Long Blades
  3434 | D:4      | Found Potsetez's Distillery.
  3445 | D:4      | Bought a potion of heal wounds for 70 gold pieces
  3445 | D:4      | Bought a potion of curing for 42 gold pieces
  3532 | D:4      | Reached XP level 7. HP: 54/54 MP: 7/7
  3892 | D:5      | Entered Level 5 of the Dungeon
  3895 | D:5      | Noticed a steam dragon
  3904 | D:5      | Killed a steam dragon
  3905 | D:5      | Reached skill level 8 in Long Blades
  4450 | D:5      | Noticed Sigmund
  4457 | D:5      | Killed Sigmund
  4458 | D:5      | Reached skill level 9 in Long Blades
  4458 | D:5      | Reached XP level 8. HP: 60/60 MP: 8/8
  4522 | D:5      | Noticed Edmund
  4530 | D:5      | Killed Edmund
  4664 | D:5      | You add the spells Sublimation of Blood, Wereblood and
                  | Summon Hydra to your library.
  4845 | D:6      | Reached skill level 10 in Long Blades
  4848 | D:6      | Reached skill level 3 in Fighting
  4869 | D:6      | Reached skill level 4 in Fighting
  4930 | D:6      | Reached skill level 1 in Armour
  4942 | D:6      | Reached skill level 3 in Armour
  4969 | D:6      | Reached skill level 4 in Armour
  5268 | D:6      | Reached XP level 9. HP: 41/68 MP: 9/9
  5440 | D:6      | Identified the +3 dagger "Undertaker" {spect, Int+2}
  5567 | D:6      | Noticed Duvessa
  5567 | D:6      | Noticed Dowan
  5577 | D:6      | Killed Duvessa
  5579 | D:6      | Killed Dowan
  5628 | D:6      | Found Xeluv's Assorted Antiques.
  5646 | D:6      | Bought 2 viscous purple potions for 55 gold pieces
  5646 | D:6      | Bought a glowing brown potion for 27 gold pieces
  5646 | D:6      | Bought a murky purple potion for 27 gold pieces
  5844 | D:7      | Reached skill level 1 in Invocations
  5856 | D:7      | Reached skill level 2 in Invocations
  5880 | D:7      | Reached skill level 11 in Long Blades
  5909 | D:7      | Reached skill level 3 in Invocations
  6014 | D:7      | Reached *** piety under Hepliaklqana
  6016 | D:7      | Reached skill level 4 in Invocations
  6016 | D:7      | HP: 16/68 [orc wizard/+0 dagger (6)]
  6044 | D:7      | HP: 16/68 [white imp/puff of frost (3)]
  6967 | D:8      | Reached skill level 12 in Long Blades
  6976 | D:8      | Noticed a two-headed ogre
  6983 | D:8      | Killed a two-headed ogre
  6984 | D:8      | Reached skill level 5 in Fighting
  6984 | D:8      | Reached XP level 10. HP: 64/78 MP: 13/13
  7002 | D:8      | Paralysed by a hornet for 1 turns
  7002 | D:8      | HP: 16/76 [wight/+0 trident (6)]
  7003 | D:8      | HP: 7/74 [hornet (5)]
  7003 | D:8      | HP: 1/74 [wight/+0 trident (6)]
  7005 | D:8      | Slain by a wight

Vanquished Creatures
  A two-headed ogre (D:8)
  A steam dragon (D:5)
  Edmund (D:5)
  3 water moccasins
  Duvessa (D:6)
  An ice beast (D:4)
  A sky beast (D:6)
  2 ogres
  A centaur (D:4)
  A phantom (D:4)
  A bullfrog (D:7)
  3 scorpions
  8 wights
  4 killer bees
  A vampire bat (D:4)
  A howler monkey (D:6)
  An orc priest (D:7)
  A jelly (D:5)
  A sleepcap (D:6)
  3 iguanas
  An orc wizard (D:7)
  10 gnolls
  6 adders
  A shadow imp (D:6)
  A white imp (D:5)
  2 dart slugs
  7 orcs
  5 bats
  4 endoplasms (D:1)
  3 giant cockroaches
  3 goblins
  10 hobgoblins
  8 kobolds
  A quokka (D:1)
  11 ball pythons
  4 frilled lizards
  7 rats
121 creatures vanquished.

Vanquished Creatures (collateral kills)
  Sigmund (D:5)
  An orc warrior (D:6)
  2 black bears (D:6)
  2 sky beasts (D:7)
  2 centaurs
  A phantom (D:6)
  A kobold brigand (D:6)
  A gnoll sergeant (D:7)
  2 wights (D:7)
  Dowan (D:6)
  2 killer bees
  A howler monkey (D:7)
  2 iguanas
  An orc wizard (D:6)
  2 gnolls (D:7)
  3 adders
  A white imp (D:7)
  3 orcs (D:6)
  A quokka (D:4)
  A bat (D:4)
  4 kobolds
35 creatures vanquished.

Vanquished Creatures (others)
  4 battlemagi
4 creatures vanquished.

Grand Total: 160 creatures vanquished

Table legend:
 A = Non-vault XP
 B = Vault XP
 C = Vault XP percentage of total XP
 D = Non-vault monster count
 E = Vault monster count
 F = Vault count percentage of total count
                 A         B        C        D         E       F
            +---------+---------+-------+---------+---------+-------
      Total |    5615 |     751 |  11.8 |     141 |      15 |   9.6
            +---------+---------+-------+---------+---------+-------
        D:1 |      42 |       8 |  16.0 |      26 |       5 |  16.1
        D:2 |      13 |       0 |   0.0 |       7 |       0 |   0.0
        D:3 |     140 |       0 |   0.0 |      20 |       0 |   0.0
        D:4 |     589 |      63 |   9.7 |      22 |       5 |  18.5
        D:5 |     414 |     471 |  53.2 |       7 |       3 |  30.0
        D:6 |    1408 |     209 |  12.9 |      25 |       2 |   7.4
        D:7 |    1845 |       0 |   0.0 |      28 |       0 |   0.0
        D:8 |    1164 |       0 |   0.0 |       6 |       0 |   0.0
            +---------+---------+-------+---------+---------+-------

Skill      XL: |  1  2  3  4  5  6  7  8  9 |
---------------+----------------------------+-----
Long Blades    | 3 4 5 6 7 9 10 12 | 12.0
Fighting       | 4 5 |  5.5
Armour         | 4 |  4.0
Invocations    | 4 |  4.0
Dodging        | |  2.1

Action                     |  1- 3 |  4- 6 |  7- 9 | 10-12 || total
---------------------------+-------+-------+-------+-------++-------
  Melee: Falchion          |   109 |   121 |   148 |    10 ||   388
         Tailslap          |     9 |    27 |    33 |     1 ||    70
  Throw: Throwing net      |       |     1 |       |       ||     1
 Invoke: Ancestor Life: Ba |       |     1 |       |       ||     1
  Evoke: Wand              |       |       |     1 |       ||     1
    Use: Scroll            |     1 |     4 |     3 |       ||     8
         Potion            |       |     1 |       |     2 ||     3
   Stab: Held in net/web   |       |     1 |       |       ||     1
         Distracted        |       |       |     6 |       ||     6
 Armour: Robe              |    13 |       |       |       ||    13
         Scale mail        |    23 |    46 |    34 |     3 ||   106
  Dodge: Dodged            |    57 |    46 |    40 |     7 ||   150
  Block: Orb               |       |    20 |    23 |     3 ||    46
         Reflection        |       |       |     3 |       ||     3

Illustrated notes

Table legend:
 A = Kills in this place as a percentage of kills in the entire game.
 B = Kills by you in this place as a percentage of kills by you in the entire game.
 C = Kills by friends in this place as a percentage of kills by friends in the entire game.
 D = Other kills in this place as a percentage of other kills in the entire game.
 E = Experience gained in this place as a percentage of experience gained in the entire game.
 F = Experience gained in this place divided by the number of levels of this place that you have seen.
                   A       B       C       D       E      F
               +-------+-------+-------+-------+-------+----------------------
         Total | 100.0 | 100.0 | 100.0 |   N/A | 100.0 | 707.3
       Dungeon | 100.0 | 100.0 | 100.0 |   N/A | 100.0 | 795.8
               +-------+-------+-------+-------+-------+----------------------

Table legend: (Time is in decaauts)
 A = Elapsed time spent in this place.
 B = Non-inter-level travel time spent in this place.
 C = Inter-level travel time spent in this place.
 D = Time resting spent in this place.
 E = Time spent auto-exploring this place.
 F = Levels seen in this place.
 G = Mean time per level.
                   A        B        C        D        E       F      G
               +--------+--------+--------+--------+--------+-----+--------+
         Total |   6994 |   6863 |    131 |   1164 |   4572 |   9 |  777.1 |
       Dungeon |   6957 |   6840 |    117 |   1164 |   4569 |   8 |  869.6 |
        Temple |     36 |     22 |     14 |      0 |      3 |   1 |   36.0 |
               +--------+--------+--------+--------+--------+-----+--------+

Top non-repeatable levels by time:
     D:3: 1262 daAuts
     D:4: 1152 daAuts
     D:5: 1138 daAuts
     D:7: 1137 daAuts
     D:1: 876 daAuts
     D:6: 771 daAuts
     D:2: 581 daAuts
     D:8: 38 daAuts
  Temple: 36 daAuts
